 Dungeon Crawl Stone Soup version bcrawl-1.37.2 (webtiles) character file.

Game seed: 7052738782616776711

273453 Argron the Basher (level 8, 0/92 (93) HPs)
             Began as an Ent Monk on Oct 25, 2022.
             Was a Believer of Nemelex Xobeh.
             Slain by a necrophage (2 damage)
             ... on level 6 of the Dungeon.
             The game lasted 00:31:33 (4117 turns).

Argron the Basher (Ent Monk)                        Turns: 4117, Time: 00:31:33

HP:   0/92 (93)     AC: 16    Str: 19    XL:     8   Next: 22%
MP:   0/12          EV: 10    Int: 12    God:    Nemelex Xobeh [**....]
Gold: 345           SH:  0    Dex: 13    Spells: 7/7 levels left

rFire    . . .     GDR:     33% A - +0 flail
rCold    . . .     SeeInvis .   (no shield)
rNeg     + + +     Gourm    .   (armour unavailable)
rPois    +         Faith    .   b - +0 hat
rElec    .         Spirit   +   a - +0 cloak
rCorr    .         Reflect  .   (gloves unavailable)
MR       +....                  (boots unavailable)
Stlth    ++........             c - amulet of guardian spirit
HPRegen  0.25/turn              o - ring of wizardry
MPRegen  0.13/turn              q - ring of protection from magic

@: lethally poisoned (0 -> 0), very slow
A: large, slow actions, passwall, strong branches, negative energy resistance 3,
poison resistance, slow metabolism 1, torment resistance, unbreathing, AC +15
a: Passwall, Draw Escape, Draw Destruction, Draw Summoning, Triple Draw,
Renounce Religion


You were on level 6 of the Dungeon.
You worshipped Nemelex Xobeh.
Nemelex Xobeh was pleased with you.
You were hungry.

You visited 2 branches of the dungeon, and saw 7 of its levels.

You collected 345 gold pieces.

Inventory:

Hand Weapons
 A - a +0 flail (weapon)
Missiles
 y - 43 large rocks (quivered)
 B - 148 poisoned tomahawks
Armour
 a - a +0 cloak (worn)
 b - a +0 hat (worn)
Jewellery
 c - an amulet of guardian spirit (around neck)
 o - a ring of wizardry (left hand)
 q - a ring of protection from magic (right hand)
 t - the ring "Miwk" {Fire rElec}
   (You found it on level 1 of the Dungeon)

   [ring of fire]

   It enhances your fire magic.
   It protects you from fire.
   It makes you vulnerable to cold.
   It insulates you from electricity.
 C - the cursed ring of Wagrucal {rF+ Stlth--, unknown}
   (You found it on level 4 of the Dungeon)

   [ring of attention]

   It protects you from fire.
   It makes you much less stealthy.
   It has a curse placed upon it.
 D - the amulet of Req Kino {Inacc rN+}
   (You found it on level 5 of the Dungeon)

   [amulet of inaccuracy]

   It reduces the accuracy of all your attacks.
   It protects you from negative energy.
Wands
 v - a wand of acid (14)
Scrolls
 d - 3 scrolls of remove curse
 f - 2 scrolls of teleportation {unknown}
 g - 3 scrolls of fog {unknown}
 i - 4 scrolls of identify
 j - 2 scrolls of enchant weapon {unknown}
 m - a scroll of amnesia {unknown}
 r - 3 scrolls of enchant armour {unknown}
Potions
 h - a potion of mutation {unknown}
 k - 2 potions of curing {unknown}
 l - a potion of heal wounds {unknown}
 n - a potion of flight {unknown}
 p - a potion of might
 s - a potion of haste {unknown}
 u - a potion of invisibility
 w - a potion of lignification
 x - a potion of resistance {unknown}
 E - a potion of brilliance {unknown}
Comestibles
 e - 7 rations {!d}


   Skills:
 + Level 7.5 Fighting
 + Level 8.3 Maces & Flails
 - Level 2.6 Dodging
 - Level 2.4 Stealth
 * Level 5.9 Invocations


You had 7 spell levels left.
You didn't know any spells.
Your spell library was empty.

Dungeon Overview and Level Annotations

Branches:
Dungeon (6/12)             Temple (1/1) D:4

Altars:
Cheibriados
Dithmenos
Elyvilon
Fedhas
Gozag
Hepliaklqana
Lugonu
Makhleb
Nemelex Xobeh
Okawaru
Sif Muna
Trog
Uskayaw
Vehumet
Wu Jian
Xom
Yredelemnul
Zin
The Shining One

Shops:
D:4 :


Innate Abilities, Weirdness & Mutations

You move and act slowly.
You can pass through walls and trees.
Your branches can wield two-handed weapons with a shield.
Your thick bark is tough. (AC +15)
You are too large for most types of armour.
You are immune to negative energy. (rN+++)
Your system is resistant to poisons. (rPois)
You have a slow metabolism.
You are immune to unholy pain and torment.
You can survive without breathing.


Message History

The hound skeleton is no longer moving slowly.
The bullfrog barely misses you. The hound skeleton barely misses you.
The bullfrog hits you.
* * * LOW HITPOINT WARNING * * *
The worker ant bites you but does no damage.
The necrophage hits you.
* * * LOW HITPOINT WARNING * * *
You feel your flesh rotting away!
Your -1 hand axe closely misses the necrophage.
It was a potion of lignification.
You feel woody for a moment. The bullfrog misses you.
The hound skeleton bites you but does no damage.
The worker ant bites you but does no damage.
The necrophage hits you but does no damage.
The bullfrog hits you but does no damage.
The hound skeleton bites you but does no damage.
The worker ant closely misses you.
Your -1 hand axe hits the necrophage.
The necrophage hits you.
You die...
Your body disappears without a glow.

...##.......# ..
....#....[... ...
..........$.##...
.$...............
...........=.....
.........)......#
<......cFaZ.....#
........#@#...#
.......c##n...#
........# .(.....
......... .......
....../..........
.##..............
##.............
..............
...(.......$


You could see a necrophage, a bullfrog, a centaur, a worker ant, a hound
skeleton and a friendly -1 hand axe.

Vanquished Creatures
  Menkaure (D:5)
  An ice beast (D:6)
  2 sky beasts
  An ogre (D:6)
  Blork the orc (D:5)
  2 scorpions (D:5)
  2 howler monkeys
  A crimson imp (D:5)
  A hound (D:3)
  Crazy Yiuf (D:2)
  2 orc wizards (D:3)
  An iguana (D:4)
  A bullfrog skeleton (D:6)
  5 worker ants
  A hound zombie (D:6)
  A hound skeleton (D:5)
  Robin (D:3)
  A worker ant zombie (D:3)
  2 adders
  A shadow imp (D:5)
  An ooze (D:1)
  5 worms
  3 dart slugs
  3 leopard geckos
  11 orcs
  2 giant cockroaches (D:2)
  15 goblins
  4 hobgoblins
  6 jackals
  6 kobolds (D:1)
  2 quokkas
  3 bats
90 creatures vanquished.

Vanquished Creatures (others)
  2 goblins (D:3)
2 creatures vanquished.

Grand Total: 92 creatures vanquished

Notes
Turn   | Place    | Note
-------+----------+-------------------------------------------
     0 | D:1      | Argron the Ent Monk began the quest for the Orb.
     0 | D:1      | Reached XP level 1. HP: 25/25 MP: 2/2
    95 | D:1      | Reached skill level 4 in Maces & Flails
   120 | D:1      | Reached XP level 2. HP: 33/33 MP: 3/3
   517 | D:1      | Reached XP level 3. HP: 42/42 MP: 4/4
   555 | D:1      | Got a transparent bone ring
   681 | D:2      | Got a glittering golden ring
   683 | D:2      | Identified the ring "Miwk" {Fire rElec} (You found it on
                  | level 1 of the Dungeon)
   685 | D:2      | Identified the ring of Berchuuf {Fire rN+} (You found it on
                  | level 2 of the Dungeon)
   765 | D:2      | Found a bloodstained altar of Trog.
  1216 | D:2      | Found a runed door.
  1220 | D:2      | Noticed Crazy Yiuf
  1227 | D:2      | Killed Crazy Yiuf
  1228 | D:2      | Reached skill level 5 in Maces & Flails
  1228 | D:2      | Reached XP level 4. HP: 36/53 MP: 2/5
  1358 | D:3      | Noticed Robin
  1396 | D:3      | Killed Robin
  1397 | D:3      | Reached skill level 5 in Fighting
  1525 | D:3      | Reached XP level 5. HP: 60/61 MP: 6/6
  1664 | D:3      | Reached skill level 6 in Maces & Flails
  1756 | D:3      | Found a burning altar of Makhleb.
  1880 | D:3      | Reached XP level 6. HP: 66/72 MP: 7/7
  2326 | D:4      | Noticed a sky beast
  2338 | D:4      | Killed a sky beast
  2339 | D:4      | Reached skill level 7 in Maces & Flails
  2447 | D:4      | Reached XP level 7. HP: 67/82 MP: 8/8
  2603 | D:4      | Found Dodur's Book Emporium.
  2787 | D:4      | Found a staircase to the Ecumenical Temple.
  2796 | Temple   | Entered the Ecumenical Temple
  3018 | Temple   | Became a worshipper of Nemelex Xobeh the Trickster
  3018 | Temple   | Received a gift from Nemelex Xobeh
  3018 | Temple   | Reached * piety under Nemelex Xobeh
  3018 | Temple   | Reached ** piety under Nemelex Xobeh
  3099 | D:4      | Got a warped steel ring
  3138 | D:4      | Found a snail-covered altar of Cheibriados.
  3230 | D:5      | Entered Level 5 of the Dungeon
  3232 | D:5      | Got a vibrating tin amulet
  3239 | D:5      | Identified the amulet of Req Kino {Inacc rN+} (You found it
                  | on level 5 of the Dungeon)
  3354 | D:5      | Found an opulent altar of Gozag.
  3473 | D:5      | Noticed Blork the orc
  3481 | D:5      | Killed Blork the orc
  3866 | D:5      | Noticed Menkaure
  3873 | D:5      | Killed Menkaure
  4104 | D:6      | Reached skill level 8 in Maces & Flails
  4104 | D:6      | Reached skill level 5 in Invocations
  4104 | D:6      | Reached XP level 8. HP: 56/93 MP: 8/11
  4116 | D:6      | HP: 2/93 [necrophage (4)]
  4117 | D:6      | Slain by a necrophage

Skill      XL: |  1  2  3  4  5  6  7 |
---------------+----------------------+-----
Maces & Flails | 4 5 6 7 8 |  8.3
Fighting       | 4 5 6 7 |  7.5
Invocations    | 5 |  5.9
Dodging        | |  2.6
Stealth        | |  2.4

Action                   |  1- 3 |  4- 6 |  7- 9 || total
-------------------------+-------+-------+-------++-------
Melee: Mace              |    77 |       |       ||    77
       Flail             |    10 |   190 |    69 ||   269
Throw: Large rock        |     4 |     3 |     4 ||    11
 Abil: Passwall          |     2 |       |     3 ||     5
       Draw Destruction  |       |       |     3 ||     3
       Draw Escape       |       |       |     2 ||     2
       Draw Summoning    |       |       |     1 ||     1
  Use: Potion            |       |       |     1 ||     1
 Stab: Sleeping          |     1 |     4 |       ||     5
       Distracted        |       |       |     1 ||     1
  Eat: Chunk             |     3 |     9 |     3 ||    15
       Ration            |       |       |     1 ||     1
Armor: Skin              |    40 |   159 |    92 ||   291
Dodge: Dodged            |    51 |   158 |    78 ||   287
